AoeStats
← Smada0702

Fortress

509762540Analyzed
2v2 RM · 5d ago on Sep 27, 2026· 50m 5s· 4 players
Game mode
Random Map
Map size
Normal (6 player)
Population
200
Speed
Normal
Resources
Standard
Victory
Conquest
Starting age
Dark Age
Ending age
Imperial Age
RankedLock teamsTeams togetherTeam positionsShared explorationLock speedFull tech treeHidden civsTurbo modeCheats
Victory
Defeat
🇺🇸 Saxons · United States
495
+19
🇦🇷 Spanish · Argentina
425
+22
🇺🇸 Danes · United States
591
-22
🇺🇸 Saxons · United States
533
-19
Metalhead6474
0:31 Loom
9:42 Feudal Age
10:35 Horse Collar
10:49 Double-Bit Axe
12:03 Wheelbarrow
18:34 Castle Age
19:23 Heavy Plow
19:37 Bow Saw
22:19 Hand Cart
25:45 Imperial Age
24:31 Caravan
25:03 Coinage
27:40 Forging
29:25 Two-Man Saw
29:10 Crop Rotation
32:19 Hoardings
34:46 Iron Casting
33:37 Elite Varangian Guard
34:11 Arson
34:27 Squires
34:13 Gambesons
35:35 Scale Mail Armor
38:34 Chain Mail Armor
39:58 Plate Mail Armor
39:47 Fletching
42:09 Town Watch
42:51 Redemption
42:47 Atonement
43:14 Sanctity
42:54 Herbal Medicine
43:07 Devotion
43:31 Heresy
43:38 Block Printing
43:54 Illumination
43:42 Bodkin Arrow
43:54 Scale Barding Armor
43:36 Capped Ram
46:28 Chemistry
45:50 Ballistics
47:12 Chain Barding Armor
46:20 Cranequins
47:06 Thumb Ring
47:38 Bracer
47:50 Town Patrol
48:46 Shield Wall
50:10 Padded Archer Armor
castilla_602
9:15 Feudal Age
11:47 Double-Bit Axe
15:46 Castle Age
13:34 Man-at-Arms
15:09 Forging
15:02 Stone Mining
17:22 Husbandry
18:49 Wheelbarrow
22:08 Gambesons
23:51 Gold Mining
24:38 Iron Casting
24:04 Scale Mail Armor
24:10 Scale Barding Armor
24:48 Stone Shaft Mining
26:55 Chain Mail Armor
28:34 Caravan
29:04 Coinage
28:43 Long Swordsman
33:51 Imperial Age
31:58 Hand Cart
31:29 Loom
31:30 Town Watch
32:36 Town Patrol
32:59 Chain Barding Armor
36:42 Blast Furnace
36:13 Plate Mail Armor
36:19 Plate Barding Armor
35:08 Two-Handed Swordsman
36:27 Banking
36:08 Guilds
37:52 Elite Conquistador
39:27 Champion
42:45 Chemistry
Smada0702
4:12 Loom
7:22 Feudal Age
8:43 Wheelbarrow
9:36 Horse Collar
9:46 Double-Bit Axe
17:32 Castle Age
15:58 Man-at-Arms
16:24 Arson
17:38 Forging
17:29 Scale Mail Armor
17:32 Padded Archer Armor
19:37 Bow Saw
19:31 Heavy Plow
19:11 Clerical Recruitment
23:26 Crossbowman
29:41 Hand Cart
29:47 Hand Cart
32:11 Imperial Age
30:57 Iron Casting
30:37 Chain Mail Armor
30:28 Scale Barding Armor
30:42 Leather Archer Armor
30:42 Squires
33:01 Gambesons
32:37 Long Swordsman
34:53 Elite Hearth Troop
34:54 Shield Wall
35:51 Fletching
37:08 Two-Handed Swordsman
41:45 Champion
45:01 Plate Mail Armor
45:03 Ring Archer Armor
44:28 Bodkin Arrow
47:18 Elite Varangian Guard
EL Loodo
6:47 Loom
10:21 Feudal Age
11:25 Double-Bit Axe
14:55 Castle Age
12:55 Horse Collar
15:45 Wheelbarrow
17:55 Wheelbarrow
18:24 Arson
18:47 Gambesons
21:24 Bow Saw
24:16 Hamask
26:25 Hand Cart
32:37 Imperial Age
30:23 Scale Mail Armor
30:21 Gold Mining
34:38 Elite Jomsviking
40:21 Squires
40:38 Forging
40:43 Northmen's Fury
46:51 Elite Skirmisher
Connection lost

Rejoining the realm…

Still unreachable

The connection could not be restored.

Session expired

The server has moved on; the page needs a fresh start.